 Dungeon Crawl Stone Soup version 0.32-a0-996-gb3226c2 (webtiles) character file.

Game seed: 14937914901672832047

0 bignoob the Magician (level 1, 0/14 HPs)
             Began as a Mountain Dwarf Hedge Wizard on Apr 23, 2024.
             Slain by a rat (1 damage)
             ... on level 1 of the Dungeon.
             The game lasted 00:00:32 (54 turns).

bignoob the Magician (Mountain Dwarf Hedge Wizard)    Turns: 54, Time: 00:00:33

Health: 0/14       AC:  2    Str: 12    XL:     1   Next: 0%
Magic:  2/4        EV: 10    Int: 14    God:
Gold:   13         SH:  0    Dex:  9    Spells: 4/5 levels left

rFire   . . .        e - staff of cold
rCold   + . .        (no shield)
rNeg    . . .        b - +0 robe
rPois   .            c - +0 hat
rElec   .            (no cloak)
rCorr   .            (no gloves)
SInv    .            (no boots)
Will    .....        (no amulet)
Stlth   +            (no ring)
HPRegen 0.22/turn    (no ring)
MPRegen 0.09/turn

%: no passive effects
@: very slightly contaminated
A: runic magic, artefact enchanting
a: no special abilities


You were on level 1 of the Dungeon.
You visited 1 branch of the dungeon, and saw 1 of its levels.

You collected 13 gold pieces.

Inventory:

Hand Weapons
 a - a +0 dagger
Armour
 b - a +0 robe (worn)
 c - a +0 hat (worn)
Magical Staves
 e - a staff of cold (weapon)


   Skills:
 - Level 1.3 Dodging
 - Level 1.4 Stealth
 - Level 2.6 Spellcasting
 + Level 0.8 Conjurations
 - Level 1.0 Summonings
 - Level 0.7 Translocations


You had 4 spell levels left.
You knew the following spells:

 Your Spells              Type           Power      Damage    Failure   Level
a - Magic Dart            Conj           16%        1d3       16%         1

Your spell library contained the following spells:

 Spells                   Type           Power      Damage    Failure   Level
 Slow                     Hex            4%         N/A       22%         1
 Call Imp                 Summ           8%         N/A       22%         2
 Blink                    Tloc           6%         N/A       26%         2
 Cigotuvi's Dreadful Rot  Necr/Alch/Air  2%         N/A       32%         2
 Mephitic Cloud           Conj/Alch/Air  2%         N/A       52%         3


Dungeon Overview and Level Annotations

Branches:
Dungeon (1/15)

Altars:


Innate Abilities, Weirdness & Mutations

Your spellcasting is much less encumbered by armour.
You can use scrolls of enchantment on lesser artefacts.


Message History

You see here a staff of cold.
e - a staff of cold (weapon)
The endoplasm quivers.
You aren't carrying any scrolls.
The rat attacks as it pursues you! The rat bites you.
The endoplasm freezes you.
You are frozen.
You resist.
Aiming: Magic Dart (safe; 16% risk of failure)
Press: ? - help, Q - select action Shift-Dir - straight line, f/p - hobgoblin
Aim: a hobgoblin (100% to hit)
The magic dart hits the rat.
The rat is severely wounded.
The rat closely misses you. The endoplasm hits you.
Aiming: Magic Dart (safe; 16% risk of failure)
Press: ? - help, Q - select action Shift-Dir - straight line, f - endoplasm, p - hobgoblin
Aim: an endoplasm (100% to hit)
You miscast Magic Dart.
You are very lightly contaminated with residual magic.
Nothing appears to happen.
The rat bites you.
* * * LOW HITPOINT WARNING * * *
The endoplasm hits you.
* * * LOW HITPOINT WARNING * * *
Magic courses through your body. The rat closely misses you.
The endoplasm hits you.
* * * LOW HITPOINT WARNING * * *
Aiming: Magic Dart (safe; 16% risk of failure)
Press: ? - help, Q - select action Shift-Dir - straight line, f/p - endoplasm
Aim: an endoplasm (100% to hit)
The magic dart hits the endoplasm.
The endoplasm is heavily wounded.
The rat closely misses you. The endoplasm closely misses you.
Unknown command.
Aiming: Magic Dart (safe; 16% risk of failure)
Press: ? - help, Q - select action Shift-Dir - straight line, f/p - endoplasm
Aim: an endoplasm (heavily wounded, 100% to hit)
The magic dart hits the endoplasm.
You kill the endoplasm!
The rat bites you.
You die...

#. #.#### #.
##.##
####.###...##
#...........#
#.##.###....#
#........###
.....J.......#
?.########.#.#
.. #.grr@..#.#
#.
#.#####.#.##
..
#...r.g....#
#..####.#..#
#..# #.#..#
#..# #.# .#
.... ..# (#
...## ### #
.####


You could see a quokka, a hobgoblin and a rat.

Vanquished Creatures
  An endoplasm (D:1)
1 creature vanquished.

Notes
Turn   | Place    | Note
-------+----------+-------------------------------------------
     0 | D:1      | bignoob the Mountain Dwarf Hedge Wizard began the quest for
                  | the Orb.
     0 | D:1      | Reached XP level 1. HP: 14/14 MP: 4/4
    54 | D:1      | Slain by a rat

Illustrated notes

Levels and vault maps discovered:
D:1:      nicolae_arrival_washed_ashore, layout_loops_ring

Action                     || total
---------------------------++-------
  Melee: Dagger            ||     3
   Cast: Magic Dart        ||     7
    Use: Potion            ||     1
 Armour: Robe              ||    11
  Dodge: Dodged            ||    12

Table legend: (Time is in decaauts)
 A = Elapsed time spent in this place.
 B = Non-inter-level travel time spent in this place.
 C = Inter-level travel time spent in this place.
 D = Time resting spent in this place.
 E = Time spent auto-exploring this place.
 F = Levels seen in this place.
 G = Mean time per level.
                   A        B        C        D        E       F      G
               +--------+--------+--------+--------+--------+-----+--------+
         Total |     53 |     53 |      0 |      0 |      8 |   1 |   53.0 |
       Dungeon |     53 |     53 |      0 |      0 |      8 |   1 |   53.0 |
               +--------+--------+--------+--------+--------+-----+--------+

Top non-repeatable levels by time:
     D:1: 53 daAuts
